Mustangs vs Remparts
Created - October 23, 2019 at 19:14
Goals
|
Mustangs |
2 |
4 |
1 |
7 |
Remparts |
4 |
0 |
1 |
5 |
|
Shots
|
Mustangs |
17 |
8 |
10 |
35 |
Remparts |
13 |
12 |
12 |
37 |
|
1st period
1. Remparts , Pontus Aberg 2 (Michal Jordan 1, Tyler Plante) at 3:27 (PP)
2. Remparts , Jake Virtanen 1 (Viktor Baldayev 1) at 4:26
3. Mustangs , Craig Smith 1 (Melker Karlsson 1) at 5:24 (PP)
4. Mustangs , Melker Karlsson 1 (Craig Smith 1, Michael McCarron 1) at 6:59
5. Remparts , Nail Yakupov 1 (Cédric Lalonde-McNicoll 1, Griffin Reinhart 1) at 12:39
6. Remparts , Niklas Hansson 1 (Michal Jordan 2, Pontus Aberg 1) at 12:51
Penalties :
Scott Mayfield (Ham) for Roughing (Double Minor) at 0:43, Cédric Lalonde-McNicoll (Que) for Holding (Minor) at 5:12, Nail Yakupov (Que) for Tripping (Minor) at 8:36, Sam Reinhart (Que) for Tripping (Minor) at 13:16, Keaton Thompson (Que) for High sticking (Minor) at 18:55
2nd period
7. Mustangs , Alexei Marchenko 1 (Stefan Matteau 1, Anthony Stolarz) at 8:38 (PP)
8. Mustangs , Stefan Matteau 1 (Ryan Pulock 1) at 9:08
9. Mustangs , Ben Harpur 1 (Scott Mayfield 2, Max Gortz 1) at 11:23
10. Mustangs , Nick Schmaltz 1 (Danny Biega 1) at 15:06
Penalties :
Melker Karlsson (Ham) for Boarding (Minor) at 1:57, Sam Reinhart (Que) for Roughing (Minor) at 8:07, Sam Reinhart (Que) for Checking from behind (Minor) at 12:50, JT Compher (Ham) for Cross-checking (Minor) at 17:01
3rd period
11. Remparts , Niklas Hansson 2 (Cédric Lalonde-McNicoll 2, Nail Yakupov 2) at 12:58 (PP)
12. Mustangs , Stefan Matteau 2 (Joshua Leivo 1) at 13:41
Penalties :
Melker Karlsson (Ham) for Interference (Minor) at 0:54, Matt Puempel (Que) for Boarding (Minor) at 4:56, Michael McCarron (Ham) for Hooking (Minor) at 11:58, Michael McCarron (Ham) for Holding (Minor) at 15:36
Goalie Stats
Anthony Stolarz (Ham), 25 saves from 26 shots - (0.962), W, 1-0-0, 47:09 minutes
Chet Pickard (Ham), 7 saves from 11 shots - (0.636), 12:51 minutes
Igor Bobkov (Que), 10 saves from 11 shots - (0.909), 24:54 minutes
Tyler Plante (Que), 18 saves from 24 shots - (0.750), L, 1-1-0, 35:06 minutes
Players Stats for Mustangs
Player Name G A P +/- PIM S H SB GA TA FO MP PP MP PK MP
------------------------------------------------------------------------------------
Alex Tuch 0 0 0 2 0 1 2 0 0 0 2/3 12:56 4:46 0:00
Alexei Marchenko 1 0 1 -2 0 3 0 1 2 1 0/0 29:02 6:08 6:19
Ben Harpur 1 0 1 2 0 1 3 3 0 2 0/0 19:54 3:37 4:53
Craig Smith 1 1 2 -1 0 7 5 0 1 2 2/3 22:44 5:50 6:02
Curtis Hamilton 0 0 0 0 0 1 1 0 0 0 0/0 12:07 0:49 0:50
Dakota Mermis 0 0 0 2 0 0 0 1 0 0 0/0 11:22 0:28 1:07
Danny Biega 0 1 1 2 0 1 0 1 0 0 0/0 17:40 0:00 6:05
Iven Barbashev 0 0 0 1 0 0 0 2 0 0 0/5 6:09 0:00 0:00
Josh Ho-Sang 0 0 0 1 0 0 0 0 0 0 0/1 6:19 0:04 0:00
Joshua Leivo 0 1 1 2 0 2 0 0 2 2 1/1 18:50 3:55 4:48
JT Compher 0 0 0 -1 2 0 1 0 0 0 1/2 16:41 5:50 0:00
Max Gortz 0 1 1 0 0 3 1 0 0 0 0/0 11:11 0:49 0:00
Melker Karlsson 1 1 2 -1 4 9 0 1 1 0 24/38 21:53 4:54 4:00
Michael McCarron 0 1 1 1 4 2 1 0 1 0 0/0 8:49 0:38 2:04
Nick Schmaltz 1 0 1 0 0 1 2 0 0 0 3/5 11:08 0:20 0:20
Ryan Pulock 0 1 1 -2 0 0 1 0 0 0 0/0 22:22 7:01 1:00
Scott Mayfield 0 1 1 2 4 0 1 0 0 1 0/0 19:49 4:06 3:56
Stefan Matteau 2 1 3 2 0 4 4 0 2 1 4/10 19:18 3:55 5:16
Players Stats for Remparts
Player Name G A P +/- PIM S H SB GA TA FO MP PP MP PK MP
------------------------------------------------------------------------------------
Anton Zlobin 0 0 0 -1 0 1 1 0 0 0 0/0 5:40 0:54 0:00
Brendan Perlini 0 0 0 -1 0 0 0 0 0 0 0/0 15:24 4:40 0:00
Cédric Lalonde-McNicoll 0 2 2 -1 2 3 1 1 0 0 8/21 22:14 4:51 6:00
Griffin Reinhart 0 1 1 -1 0 2 0 1 2 3 0/0 25:51 5:47 3:21
Guillaume Desbiens 0 0 0 0 0 4 2 0 2 0 1/4 23:27 5:40 6:12
Jake Virtanen 1 0 1 0 0 3 0 0 0 0 0/1 11:27 0:00 1:00
Keaton Thompson 0 0 0 -1 2 1 0 0 0 0 0/0 11:06 0:00 0:25
Kyle Platzer 0 0 0 -1 0 1 0 0 0 0 2/2 6:37 1:09 0:46
Matt Puempel 0 0 0 1 2 0 2 0 0 0 0/1 10:09 0:00 0:00
Michal Jordan 0 2 2 -1 0 2 1 1 2 2 0/0 21:53 5:53 4:32
Mitchell Heard 0 0 0 1 0 4 3 2 0 2 3/8 13:06 0:00 2:52
Nail Yakupov 1 1 2 -1 2 3 1 0 0 0 0/0 15:55 5:06 0:00
Niklas Hansson 2 0 2 0 0 5 3 2 0 1 0/0 23:26 5:53 6:33
Pontus Aberg 1 1 2 0 0 6 0 1 3 0 0/0 20:01 5:58 3:07
Roberts Lipsbergs 0 0 0 -2 0 0 4 0 0 0 0/0 7:40 1:02 1:29
Sam Reinhart 0 0 0 -1 6 0 1 0 0 0 17/31 17:03 5:40 0:00
Viktor Baldayev 0 1 1 -1 0 0 0 1 0 1 0/0 10:41 0:00 0:54
William Colbert 0 0 0 0 0 2 2 1 0 0 0/0 27:35 5:47 5:21
3 Stars
1 - Stefan Matteau (Ham)
2 - Niklas Hansson (Que)
3 - Ben Harpur (Ham)
Power Play
Mustangs - 2 on 7 Attempt(s) - 28.57%
Remparts - 2 on 7 Attempt(s) - 28.57%
Penalty Kill
Mustangs - 5 on 7 Attempt(s) - 71.43%
- Score 0 goal in Penalty Kill
Remparts - 5 on 7 Attempt(s) - 71.43%
- Score 0 goal in Penalty Kill
Team Stat
Mustangs - Hits : 22 - Faceoff Wins : 37 - Blocked Shots : 9 - Penalty Minutes : 14
Remparts - Hits : 21 - Faceoff Wins : 31 - Blocked Shots : 10 - Penalty Minutes : 14
Official
Referees : Unknown
Linesman : Unknown
Game Notes
Anthony Stolarz enters game at 12:51 of 1st period
Igor Bobkov enters game at 15:06 of 2nd period
Finance
Level 1 -- Attendance: 1344 (67.20%) -- Ticket Income $40,320
Level 2 -- Attendance: 690 (69.00%) -- Ticket Income $13,800
Total Attendance: 2034 (67.80%)
Total Ticket Income: $54,120
Other Income: $2,706
Total Income: $56,826
Mustangs
5 vs 5 Forward
Center Left Wing Right Wing Time % Phy DF OF
1 Melker Karlsson JT Compher Craig Smith 40 1 2 2
2 Stefan Matteau Joshua Leivo Alex Tuch 30 1 2 2
3 Nick Schmaltz Curtis Hamilton Max Gortz 20 1 2 2
4 Iven Barbashev Michael McCarron Josh Ho-Sang 10 1 2 2
5 vs 5 Defense
Defense Defense Time % Phy DF OF
1 Alexei Marchenko Ryan Pulock 44 1 2 2
2 Scott Mayfield Ben Harpur 33 1 2 2
3 Dakota Mermis Danny Biega 23 1 2 2
4 Alexei Marchenko Ryan Pulock 0 1 2 2
PowerPlay Forward
Center Left Wing Right Wing Time % Phy DF OF
1 Melker Karlsson JT Compher Craig Smith 60 1 2 2
2 Stefan Matteau Joshua Leivo Alex Tuch 40 1 2 2
PowerPlay Defense
Defense Defense Time % Phy DF OF
1 Alexei Marchenko Ryan Pulock 60 1 2 2
2 Scott Mayfield Ben Harpur 40 1 2 2
Penalty Kill 4 Players Forward
Center Wing Time % Phy DF OF
1 Melker Karlsson Craig Smith 60 1 2 2
2 Stefan Matteau Joshua Leivo 40 1 2 2
Penalty Kill 4 Players Defense
Defense Defense Time % Phy DF OF
1 Alexei Marchenko Danny Biega 60 1 2 2
2 Scott Mayfield Ben Harpur 40 1 2 2
Penalty Kill - 3 Players Forward
Forward Time % Phy DF OF
1 Melker Karlsson 60 1 2 2
2 Stefan Matteau 40 1 2 2
Penalty Kill - 3 Players Defense
Defense Defense Time % Phy DF OF
1 Alexei Marchenko Danny Biega 60 1 2 2
2 Scott Mayfield Ben Harpur 40 1 2 2
4 vs 4 Forward
Center Wing Time % Phy DF OF
1 Melker Karlsson JT Compher 60 1 2 2
2 Stefan Matteau Alex Tuch 40 1 2 2
4 vs 4 Defense
Defense Defense Time % Phy DF OF
1 Alexei Marchenko Ryan Pulock 60 1 2 2
2 Scott Mayfield Ben Harpur 40 1 2 2
Last Minutes Offensive
Center Left Wing Right Wing Defense Defense
Melker Karlsson JT Compher Craig Smith Alexei Marchenko Ryan Pulock
Last Minutes Defensive
Center Left Wing Right Wing Defense Defense
Melker Karlsson Joshua Leivo Craig Smith Alexei Marchenko Danny Biega
Goaltenders
Starting : Chet Pickard
Backup : Anthony Stolarz
Extra Forwards
Normal : Melker Karlsson, Stefan Matteau, Nick Schmaltz - PP : JT Compher, Alex Tuch - PK : Melker Karlsson
Extra Defensemen
Normal : Alexei Marchenko, Scott Mayfield, Dakota Mermis - PP : Ryan Pulock - PK : Alexei Marchenko, Danny Biega
Penalty Shots
Melker Karlsson, Alex Tuch, JT Compher, Joshua Leivo, Stefan Matteau
Scratches
Ryan Graves (Healthy), Matthew Finn (Healthy), Jim O'Brien (Healthy), Kurtis Gabriel (Healthy), Raphael Bussieres (Healthy)
Sam Kurker (Healthy), Brett Pollock (Healthy), Steven Spinner (Healthy), Joacim Eriksson (Healthy)
Remparts
5 vs 5 Forward
Center Left Wing Right Wing Time % Phy DF OF
1 Sam Reinhart Pontus Aberg Guillaume Desbiens 40 1 2 2
2 Cédric Lalonde-McNicoll Brendan Perlini Nail Yakupov 30 1 2 2
3 Mitchell Heard Matt Puempel Jake Virtanen 20 1 2 2
4 Kyle Platzer Roberts Lipsbergs Anton Zlobin 10 1 2 2
5 vs 5 Defense
Defense Defense Time % Phy DF OF
1 William Colbert Griffin Reinhart 40 1 2 2
2 Michal Jordan Niklas Hansson 30 1 2 2
3 Viktor Baldayev Keaton Thompson 20 1 2 2
4 William Colbert Griffin Reinhart 10 1 2 2
PowerPlay Forward
Center Left Wing Right Wing Time % Phy DF OF
1 Sam Reinhart Pontus Aberg Guillaume Desbiens 60 1 2 2
2 Cédric Lalonde-McNicoll Brendan Perlini Nail Yakupov 40 1 2 2
PowerPlay Defense
Defense Defense Time % Phy DF OF
1 William Colbert Griffin Reinhart 60 1 2 2
2 Michal Jordan Niklas Hansson 40 1 2 2
Penalty Kill 4 Players Forward
Center Wing Time % Phy DF OF
1 Cédric Lalonde-McNicoll Guillaume Desbiens 60 1 2 2
2 Mitchell Heard Pontus Aberg 40 1 2 2
Penalty Kill 4 Players Defense
Defense Defense Time % Phy DF OF
1 Niklas Hansson William Colbert 60 1 2 2
2 Michal Jordan Griffin Reinhart 40 1 2 2
Penalty Kill - 3 Players Forward
Forward Time % Phy DF OF
1 Cédric Lalonde-McNicoll 60 1 2 2
2 Mitchell Heard 40 1 2 2
Penalty Kill - 3 Players Defense
Defense Defense Time % Phy DF OF
1 Niklas Hansson William Colbert 60 1 2 2
2 Michal Jordan Griffin Reinhart 40 1 2 2
4 vs 4 Forward
Center Wing Time % Phy DF OF
1 Sam Reinhart Guillaume Desbiens 60 1 2 2
2 Cédric Lalonde-McNicoll Nail Yakupov 40 1 2 2
4 vs 4 Defense
Defense Defense Time % Phy DF OF
1 William Colbert Griffin Reinhart 60 1 2 2
2 Michal Jordan Niklas Hansson 40 1 2 2
Last Minutes Offensive
Center Left Wing Right Wing Defense Defense
Sam Reinhart Pontus Aberg Guillaume Desbiens Griffin Reinhart William Colbert
Last Minutes Defensive
Center Left Wing Right Wing Defense Defense
Cédric Lalonde-McNicoll Pontus Aberg Guillaume Desbiens Niklas Hansson William Colbert
Goaltenders
Starting : Tyler Plante
Backup : Igor Bobkov
Extra Forwards
Normal : Nail Yakupov, Sam Reinhart, Pontus Aberg - PP : Nail Yakupov, Sam Reinhart - PK : Jake Virtanen
Extra Defensemen
Normal : Niklas Hansson, Griffin Reinhart, William Colbert - PP : Viktor Baldayev - PK : Griffin Reinhart, Michal Jordan
Penalty Shots
Sam Reinhart, Pontus Aberg, Guillaume Desbiens, Nail Yakupov, Jake Virtanen
Scratches
Juuso Ikonen (Healthy), Michael Downing (Healthy), Colin Smith (Healthy), Connor Honey (Healthy), Tim Bozon (Healthy)
Nelson Nogier (Healthy), Marek Langhamer (Healthy)
% Time on Ice - Mustangs
Lines # - Real PCT - Wanted PCT - Time Play
Normal Forward
1 - 35% - 40% - 13:07
2 - 21% - 30% - 8:04
3 - 27% - 20% - 10:22
4 - 16% - 10% - 6:09
Normal Defense
1 - 46% - 44% - 17:10
2 - 30% - 33% - 11:24
3 - 24% - 23% - 9:08
4 - 0% - 0% - 0:00
PP Forward
1 - 63% - 60% - 6:43
2 - 37% - 40% - 3:55
PP Defense
1 - 66% - 60% - 7:01
2 - 34% - 40% - 3:37
PK Forward
1 - 77% - 60% - 8:57
2 - 23% - 40% - 2:43
PK Defense
1 - 50% - 60% - 5:51
2 - 50% - 40% - 5:49
PK3 Forward
1 - 0% - 60%
2 - 0% - 40%
PK3 Defense
1 - 0% - 60%
2 - 0% - 40%
44 Forward
1 - 0% - 60%
2 - 0% - 40%
44 Defense
1 - 0% - 60%
2 - 0% - 40%
Last Minute Offensive - 0:00
Last Minute Defensive - 0:00
Total
Forward - 60:00
Defense - 60:00
|
% Time on Ice - Remparts
Lines # - Real PCT - Wanted PCT - Time Play
Normal Forward
1 - 32% - 40% - 11:56
2 - 29% - 30% - 10:54
3 - 27% - 20% - 10:10
4 - 12% - 10% - 4:42
Normal Defense
1 - 44% - 40% - 16:27
2 - 30% - 30% - 11:28
3 - 26% - 20% - 9:47
4 - 0% - 10% - 0:00
PP Forward
1 - 54% - 60% - 6:17
2 - 46% - 40% - 5:23
PP Defense
1 - 50% - 60% - 5:47
2 - 50% - 40% - 5:53
PK Forward
1 - 72% - 60% - 7:41
2 - 28% - 40% - 2:57
PK Defense
1 - 64% - 60% - 6:46
2 - 36% - 40% - 3:52
PK3 Forward
1 - 0% - 60%
2 - 0% - 40%
PK3 Defense
1 - 0% - 60%
2 - 0% - 40%
44 Forward
1 - 0% - 60%
2 - 0% - 40%
44 Defense
1 - 0% - 60%
2 - 0% - 40%
Last Minute Offensive - 0:00
Last Minute Defensive - 0:00
Total
Forward - 60:00
Defense - 60:00
|
Play-by-Play
1st period
0:01 of 1st period - Melker Karlsson wins face-off versus Sam Reinhart in neutral zone.
0:43 of 1st period - Double Minor Penalty to Scott Mayfield for Roughing.
0:44 of 1st period - Melker Karlsson wins face-off versus Sam Reinhart in Mustangs zone.
0:51 of 1st period - Snap shot by Melker Karlsson.
0:51 of 1st period - Stopped by Tyler Plante with a rebound.
1:15 of 1st period - William Colbert is hit by Stefan Matteau and loses puck.
1:32 of 1st period - Ben Harpur is hit by William Colbert and loses puck.
2:40 of 1st period - Backhand shot by Michael McCarron.
2:40 of 1st period - Stopped by Tyler Plante with a rebound.
2:42 of 1st period - Wrist shot by Michael McCarron.
2:42 of 1st period - Stopped by Tyler Plante without a rebound.
2:43 of 1st period - Cédric Lalonde-McNicoll wins face-off versus Stefan Matteau in Remparts zone.
2:48 of 1st period - Dakota Mermis is hit by Nail Yakupov and loses puck.
3:27 of 1st period - Snap shot by Pontus Aberg.
3:27 of 1st period - Goal by Pontus Aberg - Mustangs : 0 - Remparts : 1.
3:28 of 1st period - Craig Smith wins face-off versus Mitchell Heard in neutral zone.
3:33 of 1st period - Wrist shot by Craig Smith.
3:33 of 1st period - Stopped by Tyler Plante with a rebound.
3:40 of 1st period - Icing by Keaton Thompson.
3:41 of 1st period - Melker Karlsson wins face-off versus Matt Puempel in Remparts zone.
3:54 of 1st period - Wrist shot by Mitchell Heard.
3:54 of 1st period - Stopped by Chet Pickard with a rebound.
4:00 of 1st period - Ryan Pulock is hit by Mitchell Heard and loses puck.
4:09 of 1st period - Snap shot by Matt Puempel.
4:09 of 1st period - Shot Blocked by Alexei Marchenko.
4:11 of 1st period - Backhand shot by Keaton Thompson.
4:11 of 1st period - Shot Misses the Net.
4:21 of 1st period - Craig Smith is hit by Matt Puempel and loses puck.
4:26 of 1st period - Wrist shot by Jake Virtanen.
4:26 of 1st period - Goal by Jake Virtanen - Mustangs : 0 - Remparts : 2.
4:27 of 1st period - Guillaume Desbiens wins face-off versus Stefan Matteau in neutral zone.
4:30 of 1st period - Slapshot by Guillaume Desbiens.
4:30 of 1st period - Shot Misses the Net.
4:32 of 1st period - Snap shot by Guillaume Desbiens.
4:32 of 1st period - Stopped by Chet Pickard without a rebound.
4:33 of 1st period - Stefan Matteau wins face-off versus Sam Reinhart in Mustangs zone.
4:35 of 1st period - Icing by Joshua Leivo.
4:36 of 1st period - Sam Reinhart wins face-off versus Stefan Matteau in Mustangs zone.
4:43 of 1st period - Icing by Sam Reinhart.
4:44 of 1st period - Sam Reinhart wins face-off versus Nick Schmaltz in Remparts zone.
4:53 of 1st period - Slapshot by Pontus Aberg.
4:53 of 1st period - Shot Misses the Net.
5:01 of 1st period - Slapshot by Pontus Aberg.
5:01 of 1st period - Stopped by Chet Pickard without a rebound.
5:02 of 1st period - Stefan Matteau wins face-off versus Cédric Lalonde-McNicoll in Mustangs zone.
5:12 of 1st period - Minor Penalty to Cédric Lalonde-McNicoll for Holding.
5:13 of 1st period - Melker Karlsson wins face-off versus Jake Virtanen in Remparts zone.
5:22 of 1st period - Snap shot by Craig Smith.
5:22 of 1st period - Stopped by Tyler Plante with a rebound.
5:24 of 1st period - Snap shot by Craig Smith.
5:24 of 1st period - Goal by Craig Smith - Mustangs : 1 - Remparts : 2.
5:25 of 1st period - Sam Reinhart wins face-off versus Melker Karlsson in neutral zone.
6:15 of 1st period - William Colbert is hit by Stefan Matteau and loses puck.
6:31 of 1st period - Slapshot by Michal Jordan.
6:31 of 1st period - Shot Blocked by Danny Biega.
6:33 of 1st period - Slapshot by Niklas Hansson.
6:33 of 1st period - Stopped by Chet Pickard with a rebound.
6:59 of 1st period - Slapshot by Melker Karlsson.
6:59 of 1st period - Goal by Melker Karlsson - Mustangs : 2 - Remparts : 2.
7:00 of 1st period - Sam Reinhart wins face-off versus Melker Karlsson in neutral zone.
7:09 of 1st period - Slapshot by Guillaume Desbiens.
7:09 of 1st period - Shot Blocked by Melker Karlsson.
7:11 of 1st period - Wrist shot by Pontus Aberg.
7:11 of 1st period - Shot Misses the Net.
7:13 of 1st period - Slapshot by Niklas Hansson.
7:13 of 1st period - Shot Misses the Net.
8:31 of 1st period - Snap shot by Melker Karlsson.
8:31 of 1st period - Deflect By Cédric Lalonde-McNicoll.
8:31 of 1st period - Stopped by Tyler Plante without a rebound.
8:32 of 1st period - Melker Karlsson wins face-off versus Cédric Lalonde-McNicoll in Remparts zone.
8:33 of 1st period - Snap shot by Craig Smith.
8:33 of 1st period - Stopped by Tyler Plante without a rebound.
8:34 of 1st period - Cédric Lalonde-McNicoll wins face-off versus Melker Karlsson in Remparts zone.
8:36 of 1st period - Minor Penalty to Nail Yakupov for Tripping.
8:37 of 1st period - Melker Karlsson wins face-off versus Cédric Lalonde-McNicoll in Remparts zone.
8:41 of 1st period - Wrist shot by Melker Karlsson.
8:41 of 1st period - Stopped by Tyler Plante with a rebound.
8:43 of 1st period - Snap shot by Craig Smith.
8:43 of 1st period - Stopped by Tyler Plante without a rebound.
8:44 of 1st period - Melker Karlsson wins face-off versus Cédric Lalonde-McNicoll in Remparts zone.
8:51 of 1st period - Snap shot by Melker Karlsson.
8:51 of 1st period - Stopped by Tyler Plante with a rebound.
8:53 of 1st period - Wrist shot by Melker Karlsson.
8:53 of 1st period - Deflect By JT Compher.
8:53 of 1st period - Shot Misses the Net.
8:53 of 1st period - Puck is out of play.
8:54 of 1st period - Melker Karlsson wins face-off versus Cédric Lalonde-McNicoll in Remparts zone.
9:27 of 1st period - Snap shot by Ryan Pulock.
9:27 of 1st period - Shot Misses the Net.
9:45 of 1st period - Guillaume Desbiens is hit by Scott Mayfield and loses puck.
10:36 of 1st period - Penalty to Nail Yakupov is over, Nail Yakupov is back on ice.
11:04 of 1st period - Off-side.
11:05 of 1st period - Sam Reinhart wins face-off versus Iven Barbashev in neutral zone.
11:12 of 1st period - Snap shot by Pontus Aberg.
11:12 of 1st period - Stopped by Chet Pickard with a rebound.
11:14 of 1st period - Snap shot by Guillaume Desbiens.
11:14 of 1st period - Shot Blocked by Iven Barbashev.
11:30 of 1st period - Slapshot by Kyle Platzer.
11:30 of 1st period - Shot Misses the Net.
11:32 of 1st period - Slapshot by Michal Jordan.
11:32 of 1st period - Stopped by Chet Pickard with a rebound.
11:34 of 1st period - Slapshot by Niklas Hansson.
11:34 of 1st period - Shot Misses the Net.
11:36 of 1st period - Slapshot by Niklas Hansson.
11:36 of 1st period - Deflect By Anton Zlobin.
11:36 of 1st period - Stopped by Chet Pickard without a rebound.
11:37 of 1st period - Melker Karlsson wins face-off versus Cédric Lalonde-McNicoll in Mustangs zone.
12:35 of 1st period - Snap shot by Cédric Lalonde-McNicoll.
12:35 of 1st period - Shot Blocked by Ben Harpur.
12:39 of 1st period - Slapshot by Nail Yakupov.
12:39 of 1st period - Goal by Nail Yakupov - Mustangs : 2 - Remparts : 3.
12:40 of 1st period - Melker Karlsson wins face-off versus Sam Reinhart in neutral zone.
12:43 of 1st period - Pontus Aberg is hit by Craig Smith and loses puck.
12:51 of 1st period - Snap shot by Niklas Hansson.
12:51 of 1st period - Deflect By Alexei Marchenko.
12:51 of 1st period - Goal by Niklas Hansson - Mustangs : 2 - Remparts : 4.
12:51 of 1st period - Anthony Stolarz enters game.
12:52 of 1st period - Sam Reinhart wins face-off versus Melker Karlsson in neutral zone.
12:54 of 1st period - Off-side.
12:55 of 1st period - Sam Reinhart wins face-off versus Melker Karlsson in neutral zone.
13:16 of 1st period - Minor Penalty to Sam Reinhart for Tripping.
13:17 of 1st period - Cédric Lalonde-McNicoll wins face-off versus Melker Karlsson in Remparts zone.
14:19 of 1st period - Wrist shot by Joshua Leivo.
14:19 of 1st period - Shot Blocked by Michal Jordan.
14:21 of 1st period - Snap shot by Alexei Marchenko.
14:21 of 1st period - Stopped by Tyler Plante with a rebound.
14:59 of 1st period - Snap shot by Stefan Matteau.
14:59 of 1st period - Stopped by Tyler Plante without a rebound.
15:00 of 1st period - Melker Karlsson wins face-off versus Mitchell Heard in Remparts zone.
15:01 of 1st period - Snap shot by Craig Smith.
15:01 of 1st period - Stopped by Tyler Plante with a rebound.
15:03 of 1st period - Slapshot by Craig Smith.
15:03 of 1st period - Shot Blocked by Niklas Hansson.
15:16 of 1st period - Penalty to Sam Reinhart is over, Sam Reinhart is back on ice.
15:31 of 1st period - Ben Harpur is hit by Roberts Lipsbergs and loses puck.
15:50 of 1st period - Snap shot by Mitchell Heard.
15:50 of 1st period - Stopped by Anthony Stolarz with a rebound.
15:52 of 1st period - Snap shot by Viktor Baldayev.
15:52 of 1st period - Shot Blocked by Ben Harpur.
16:04 of 1st period - Snap shot by Pontus Aberg.
16:04 of 1st period - Deflect By Ben Harpur.
16:04 of 1st period - Stopped by Anthony Stolarz with a rebound.
16:10 of 1st period - Michal Jordan is hit by Ben Harpur.
16:20 of 1st period - Scott Mayfield is hit by Roberts Lipsbergs and loses puck.
17:05 of 1st period - Scott Mayfield is hit by Sam Reinhart and loses puck.
17:34 of 1st period - Slapshot by Max Gortz.
17:34 of 1st period - Stopped by Tyler Plante without a rebound.
17:35 of 1st period - Mitchell Heard wins face-off versus Stefan Matteau in Remparts zone.
17:49 of 1st period - Slapshot by Joshua Leivo.
17:49 of 1st period - Stopped by Tyler Plante without a rebound.
17:50 of 1st period - Sam Reinhart wins face-off versus Melker Karlsson in Remparts zone.
17:55 of 1st period - Craig Smith is hit by Guillaume Desbiens and loses puck.
18:04 of 1st period - Michal Jordan is hit by Ryan Pulock and loses puck.
18:55 of 1st period - Minor Penalty to Keaton Thompson for High sticking.
18:56 of 1st period - Cédric Lalonde-McNicoll wins face-off versus Melker Karlsson in Remparts zone.
19:21 of 1st period - Ryan Pulock is hit by Niklas Hansson and loses puck.
Goals for this period are 2 for Mustangs vs 4 for Remparts.
Shots for this period are 17 for Mustangs vs 13 for Remparts.
2nd period
0:01 of 2nd period - Melker Karlsson wins face-off versus Guillaume Desbiens in neutral zone.
0:25 of 2nd period - Alexei Marchenko is hit by Niklas Hansson.
0:33 of 2nd period - Snap shot by Joshua Leivo.
0:33 of 2nd period - Shot Blocked by Pontus Aberg.
0:55 of 2nd period - Penalty to Keaton Thompson is over, Keaton Thompson is back on ice.
1:01 of 2nd period - Wrist shot by Curtis Hamilton.
1:01 of 2nd period - Shot Misses the Net.
1:13 of 2nd period - Snap shot by Guillaume Desbiens.
1:13 of 2nd period - Shot Misses the Net.
1:15 of 2nd period - Slapshot by Michal Jordan.
1:15 of 2nd period - Stopped by Anthony Stolarz with a rebound.
1:37 of 2nd period - Slapshot by Ben Harpur.
1:37 of 2nd period - Deflect By Max Gortz.
1:37 of 2nd period - Shot Blocked by Griffin Reinhart.
1:37 of 2nd period - Puck is out of play.
1:38 of 2nd period - Mitchell Heard wins face-off versus JT Compher in Remparts zone.
1:38 of 2nd period - Mitchell Heard is hit by Craig Smith.
1:52 of 2nd period - Slapshot by William Colbert.
1:52 of 2nd period - Deflect By Alexei Marchenko.
1:52 of 2nd period - Stopped by Anthony Stolarz with a rebound.
1:57 of 2nd period - Minor Penalty to Melker Karlsson for Boarding.
1:58 of 2nd period - Sam Reinhart wins face-off versus Stefan Matteau in Mustangs zone.
2:51 of 2nd period - Michal Jordan is hit by Ben Harpur and loses puck.
3:57 of 2nd period - Penalty to Melker Karlsson is over, Melker Karlsson is back on ice.
4:02 of 2nd period - Wrist shot by Melker Karlsson.
4:02 of 2nd period - Stopped by Tyler Plante without a rebound.
4:03 of 2nd period - Nick Schmaltz wins face-off versus Mitchell Heard in Remparts zone.
4:10 of 2nd period - Wrist shot by Matt Puempel.
4:10 of 2nd period - Shot Misses the Net.
4:12 of 2nd period - Wrist shot by Jake Virtanen.
4:12 of 2nd period - Stopped by Anthony Stolarz without a rebound.
4:13 of 2nd period - Nick Schmaltz wins face-off versus Mitchell Heard in Mustangs zone.
4:30 of 2nd period - Wrist shot by Jake Virtanen.
4:30 of 2nd period - Stopped by Anthony Stolarz without a rebound.
4:31 of 2nd period - Sam Reinhart wins face-off versus Melker Karlsson in Mustangs zone.
4:32 of 2nd period - Wrist shot by Guillaume Desbiens.
4:32 of 2nd period - Stopped by Anthony Stolarz with a rebound.
4:38 of 2nd period - Slapshot by Sam Reinhart.
4:38 of 2nd period - Shot Misses the Net.
4:40 of 2nd period - Backhand shot by Pontus Aberg.
4:40 of 2nd period - Stopped by Anthony Stolarz with a rebound.
4:46 of 2nd period - Snap shot by Pontus Aberg.
4:46 of 2nd period - Shot Misses the Net.
4:56 of 2nd period - Griffin Reinhart is hit by Alex Tuch and loses puck.
5:27 of 2nd period - Jake Virtanen is hit by Nick Schmaltz and loses puck.
5:40 of 2nd period - Snap shot by Guillaume Desbiens.
5:40 of 2nd period - Stopped by Anthony Stolarz with a rebound.
5:42 of 2nd period - Slapshot by Michal Jordan.
5:42 of 2nd period - Shot Blocked by Iven Barbashev.
5:44 of 2nd period - Snap shot by Niklas Hansson.
5:44 of 2nd period - Stopped by Anthony Stolarz without a rebound.
5:45 of 2nd period - Cédric Lalonde-McNicoll wins face-off versus Craig Smith in Mustangs zone.
5:48 of 2nd period - Wrist shot by Nail Yakupov.
5:48 of 2nd period - Deflect By Cédric Lalonde-McNicoll.
5:48 of 2nd period - Stopped by Anthony Stolarz with a rebound.
6:10 of 2nd period - Guillaume Desbiens is hit by Stefan Matteau.
6:38 of 2nd period - Slapshot by Nick Schmaltz.
6:38 of 2nd period - Deflect By Max Gortz.
6:38 of 2nd period - Shot Blocked by Mitchell Heard.
6:38 of 2nd period - Puck is out of play.
6:39 of 2nd period - Craig Smith wins face-off versus Cédric Lalonde-McNicoll in Remparts zone.
7:09 of 2nd period - Joshua Leivo is hit by Niklas Hansson and loses puck.
7:13 of 2nd period - Icing by Dakota Mermis.
7:14 of 2nd period - Stefan Matteau wins face-off versus Sam Reinhart in Mustangs zone.
7:52 of 2nd period - Slapshot by Niklas Hansson.
7:52 of 2nd period - Stopped by Anthony Stolarz without a rebound.
7:53 of 2nd period - Sam Reinhart wins face-off versus Melker Karlsson in Mustangs zone.
8:07 of 2nd period - Minor Penalty to Sam Reinhart for Roughing.
8:08 of 2nd period - Melker Karlsson wins face-off versus Cédric Lalonde-McNicoll in Remparts zone.
8:38 of 2nd period - Slapshot by Alexei Marchenko.
8:38 of 2nd period - Goal by Alexei Marchenko - Mustangs : 3 - Remparts : 4.
8:39 of 2nd period - Melker Karlsson wins face-off versus Sam Reinhart in neutral zone.
9:08 of 2nd period - Slapshot by Stefan Matteau.
9:08 of 2nd period - Goal by Stefan Matteau - Mustangs : 4 - Remparts : 4.
9:09 of 2nd period - Melker Karlsson wins face-off versus Sam Reinhart in neutral zone.
9:53 of 2nd period - Alexei Marchenko is hit by Cédric Lalonde-McNicoll and loses puck.
10:06 of 2nd period - Wrist shot by Joshua Leivo.
10:06 of 2nd period - Stopped by Tyler Plante with a rebound.
10:34 of 2nd period - Slapshot by Stefan Matteau.
10:34 of 2nd period - Stopped by Tyler Plante without a rebound.
10:35 of 2nd period - Sam Reinhart wins face-off versus Melker Karlsson in Remparts zone.
11:21 of 2nd period - Slapshot by Scott Mayfield.
11:21 of 2nd period - Shot Blocked by Viktor Baldayev.
11:23 of 2nd period - Slapshot by Ben Harpur.
11:23 of 2nd period - Goal by Ben Harpur - Mustangs : 5 - Remparts : 4.
11:24 of 2nd period - Melker Karlsson wins face-off versus Sam Reinhart in neutral zone.
11:49 of 2nd period - Cédric Lalonde-McNicoll is hit by Alex Tuch.
12:11 of 2nd period - Alexei Marchenko is hit by Michal Jordan and loses puck.
12:50 of 2nd period - Minor Penalty to Sam Reinhart for Checking from behind.
12:51 of 2nd period - Melker Karlsson wins face-off versus Cédric Lalonde-McNicoll in Remparts zone.
14:50 of 2nd period - Penalty to Sam Reinhart is over, Sam Reinhart is back on ice.
14:55 of 2nd period - Griffin Reinhart is hit by Ben Harpur and loses puck.
15:06 of 2nd period - Wrist shot by Nick Schmaltz.
15:06 of 2nd period - Goal by Nick Schmaltz - Mustangs : 6 - Remparts : 4.
15:06 of 2nd period - Igor Bobkov enters game.
15:07 of 2nd period - Sam Reinhart wins face-off versus Stefan Matteau in neutral zone.
15:07 of 2nd period - Pontus Aberg is hit by Stefan Matteau and loses puck.
15:22 of 2nd period - Snap shot by Alex Tuch.
15:22 of 2nd period - Deflect By Guillaume Desbiens.
15:22 of 2nd period - Stopped by Igor Bobkov with a rebound.
16:00 of 2nd period - Brendan Perlini is hit by Nick Schmaltz and loses puck.
16:52 of 2nd period - Wrist shot by Cédric Lalonde-McNicoll.
16:52 of 2nd period - Stopped by Anthony Stolarz with a rebound.
16:56 of 2nd period - Snap shot by Cédric Lalonde-McNicoll.
16:56 of 2nd period - Stopped by Anthony Stolarz with a rebound.
16:58 of 2nd period - Backhand shot by Keaton Thompson.
16:58 of 2nd period - Deflect By Nail Yakupov.
16:58 of 2nd period - Shot Blocked by Dakota Mermis.
16:58 of 2nd period - Puck is out of play.
16:59 of 2nd period - Melker Karlsson wins face-off versus Sam Reinhart in Mustangs zone.
17:01 of 2nd period - Minor Penalty to JT Compher for Cross-checking.
17:02 of 2nd period - Sam Reinhart wins face-off versus Melker Karlsson in Mustangs zone.
18:55 of 2nd period - Brendan Perlini is hit by Curtis Hamilton.
19:01 of 2nd period - Penalty to JT Compher is over, JT Compher is back on ice.
19:31 of 2nd period - Kyle Platzer is hit by Max Gortz and loses puck.
Goals for this period are 4 for Mustangs vs 0 for Remparts.
Shots for this period are 8 for Mustangs vs 12 for Remparts.
3rd period
0:01 of 3rd period - Melker Karlsson wins face-off versus Sam Reinhart in neutral zone.
0:04 of 3rd period - Sam Reinhart is hit by Craig Smith and loses puck.
0:35 of 3rd period - Icing by William Colbert.
0:36 of 3rd period - JT Compher wins face-off versus Cédric Lalonde-McNicoll in Remparts zone.
0:54 of 3rd period - Minor Penalty to Melker Karlsson for Interference.
0:55 of 3rd period - Stefan Matteau wins face-off versus Sam Reinhart in Mustangs zone.
2:54 of 3rd period - Penalty to Melker Karlsson is over, Melker Karlsson is back on ice.
3:16 of 3rd period - Melker Karlsson is hit by Mitchell Heard and loses puck.
3:40 of 3rd period - Snap shot by Mitchell Heard.
3:40 of 3rd period - Stopped by Anthony Stolarz with a rebound.
3:58 of 3rd period - Snap shot by Melker Karlsson.
3:58 of 3rd period - Shot Blocked by William Colbert.
4:16 of 3rd period - Snap shot by Melker Karlsson.
4:16 of 3rd period - Stopped by Igor Bobkov with a rebound.
4:18 of 3rd period - Slapshot by Danny Biega.
4:18 of 3rd period - Shot Blocked by Mitchell Heard.
4:20 of 3rd period - Backhand shot by Alexei Marchenko.
4:20 of 3rd period - Stopped by Igor Bobkov with a rebound.
4:24 of 3rd period - Wrist shot by Melker Karlsson.
4:24 of 3rd period - Stopped by Igor Bobkov with a rebound.
4:26 of 3rd period - Slapshot by Danny Biega.
4:26 of 3rd period - Stopped by Igor Bobkov with a rebound.
4:56 of 3rd period - Minor Penalty to Matt Puempel for Boarding.
4:57 of 3rd period - Alex Tuch wins face-off versus Cédric Lalonde-McNicoll in Remparts zone.
4:59 of 3rd period - Snap shot by JT Compher.
4:59 of 3rd period - Shot Misses the Net.
5:01 of 3rd period - Snap shot by Ben Harpur.
5:01 of 3rd period - Shot Misses the Net.
5:03 of 3rd period - Snap shot by JT Compher.
5:03 of 3rd period - Deflect By Craig Smith.
5:03 of 3rd period - Shot Blocked by Niklas Hansson.
5:03 of 3rd period - Puck is out of play.
5:04 of 3rd period - Alex Tuch wins face-off versus Cédric Lalonde-McNicoll in Remparts zone.
5:05 of 3rd period - Snap shot by Craig Smith.
5:05 of 3rd period - Stopped by Igor Bobkov without a rebound.
5:06 of 3rd period - Cédric Lalonde-McNicoll wins face-off versus Alex Tuch in Remparts zone.
5:30 of 3rd period - Guillaume Desbiens is hit by Craig Smith and loses puck.
5:58 of 3rd period - Curtis Hamilton is hit by Roberts Lipsbergs.
6:56 of 3rd period - Penalty to Matt Puempel is over, Matt Puempel is back on ice.
7:11 of 3rd period - Icing by Danny Biega.
7:12 of 3rd period - Sam Reinhart wins face-off versus Iven Barbashev in Mustangs zone.
7:15 of 3rd period - Wrist shot by Nail Yakupov.
7:15 of 3rd period - Stopped by Anthony Stolarz with a rebound.
7:17 of 3rd period - Snap shot by Brendan Perlini.
7:17 of 3rd period - Shot Misses the Net.
7:31 of 3rd period - Danny Biega is hit by Guillaume Desbiens and loses puck.
7:44 of 3rd period - Scott Mayfield is hit by Anton Zlobin and loses puck.
8:12 of 3rd period - Slapshot by William Colbert.
8:12 of 3rd period - Deflect By Alexei Marchenko.
8:12 of 3rd period - Stopped by Anthony Stolarz without a rebound.
8:13 of 3rd period - Cédric Lalonde-McNicoll wins face-off versus Josh Ho-Sang in Mustangs zone.
8:16 of 3rd period - Snap shot by Nail Yakupov.
8:16 of 3rd period - Shot Misses the Net.
8:18 of 3rd period - Snap shot by Cédric Lalonde-McNicoll.
8:18 of 3rd period - Shot Blocked by Ben Harpur.
8:20 of 3rd period - Slapshot by Cédric Lalonde-McNicoll.
8:20 of 3rd period - Shot Misses the Net.
8:26 of 3rd period - Slapshot by Nail Yakupov.
8:26 of 3rd period - Shot Misses the Net.
8:28 of 3rd period - Slapshot by Keaton Thompson.
8:28 of 3rd period - Stopped by Anthony Stolarz without a rebound.
8:29 of 3rd period - Sam Reinhart wins face-off versus Melker Karlsson in Mustangs zone.
8:32 of 3rd period - Backhand shot by Guillaume Desbiens.
8:32 of 3rd period - Stopped by Anthony Stolarz with a rebound.
9:53 of 3rd period - Wrist shot by Kyle Platzer.
9:53 of 3rd period - Stopped by Anthony Stolarz without a rebound.
9:54 of 3rd period - Sam Reinhart wins face-off versus Melker Karlsson in Mustangs zone.
10:05 of 3rd period - Slapshot by Melker Karlsson.
10:05 of 3rd period - Stopped by Igor Bobkov with a rebound.
10:19 of 3rd period - Stefan Matteau is hit by William Colbert and loses puck.
10:46 of 3rd period - Snap shot by Max Gortz.
10:46 of 3rd period - Shot Misses the Net.
10:48 of 3rd period - Slapshot by Danny Biega.
10:48 of 3rd period - Deflect By Max Gortz.
10:48 of 3rd period - Stopped by Igor Bobkov with a rebound.
10:50 of 3rd period - Wrist shot by Max Gortz.
10:50 of 3rd period - Stopped by Igor Bobkov with a rebound.
11:36 of 3rd period - Icing by Alexei Marchenko.
11:37 of 3rd period - Cédric Lalonde-McNicoll wins face-off versus Iven Barbashev in Mustangs zone.
11:38 of 3rd period - Wrist shot by Nail Yakupov.
11:38 of 3rd period - Stopped by Anthony Stolarz with a rebound.
11:58 of 3rd period - Minor Penalty to Michael McCarron for Hooking.
11:59 of 3rd period - Melker Karlsson wins face-off versus Sam Reinhart in Mustangs zone.
12:08 of 3rd period - Guillaume Desbiens is hit by Craig Smith and loses puck.
12:58 of 3rd period - Slapshot by Niklas Hansson.
12:58 of 3rd period - Goal by Niklas Hansson - Mustangs : 6 - Remparts : 5.
12:59 of 3rd period - Melker Karlsson wins face-off versus Sam Reinhart in neutral zone.
13:29 of 3rd period - Slapshot by Ben Harpur.
13:29 of 3rd period - Deflect By Joshua Leivo.
13:29 of 3rd period - Shot Misses the Net.
13:29 of 3rd period - Puck is out of play.
13:30 of 3rd period - Joshua Leivo wins face-off versus Cédric Lalonde-McNicoll in Remparts zone.
13:35 of 3rd period - Snap shot by Stefan Matteau.
13:35 of 3rd period - Shot Misses the Net.
13:37 of 3rd period - Snap shot by Joshua Leivo.
13:37 of 3rd period - Shot Misses the Net.
13:39 of 3rd period - Wrist shot by Stefan Matteau.
13:39 of 3rd period - Shot Blocked by Cédric Lalonde-McNicoll.
13:41 of 3rd period - Wrist shot by Stefan Matteau.
13:41 of 3rd period - Goal by Stefan Matteau - Mustangs : 7 - Remparts : 5.
13:42 of 3rd period - Melker Karlsson wins face-off versus Sam Reinhart in neutral zone.
14:31 of 3rd period - Nick Schmaltz is hit by Roberts Lipsbergs and loses puck.
14:58 of 3rd period - Guillaume Desbiens is hit by JT Compher and loses puck.
15:19 of 3rd period - Michael McCarron is hit by Matt Puempel and loses puck.
15:36 of 3rd period - Minor Penalty to Michael McCarron for Holding.
15:37 of 3rd period - Melker Karlsson wins face-off versus Guillaume Desbiens in Mustangs zone.
17:36 of 3rd period - Penalty to Michael McCarron is over, Michael McCarron is back on ice.
18:10 of 3rd period - Slapshot by Anton Zlobin.
18:10 of 3rd period - Shot Misses the Net.
18:12 of 3rd period - Snap shot by Michal Jordan.
18:12 of 3rd period - Deflect By Kyle Platzer.
18:12 of 3rd period - Shot Misses the Net.
18:12 of 3rd period - Puck is out of play.
18:13 of 3rd period - Kyle Platzer wins face-off versus Iven Barbashev in Mustangs zone.
18:22 of 3rd period - Roberts Lipsbergs is hit by Michael McCarron and loses puck.
18:39 of 3rd period - Dakota Mermis is hit by Mitchell Heard and loses puck.
18:46 of 3rd period - Slapshot by Griffin Reinhart.
18:46 of 3rd period - Stopped by Anthony Stolarz with a rebound.
18:48 of 3rd period - Snap shot by Griffin Reinhart.
18:48 of 3rd period - Stopped by Anthony Stolarz without a rebound.
18:49 of 3rd period - Melker Karlsson wins face-off versus Guillaume Desbiens in Mustangs zone.
19:04 of 3rd period - Snap shot by Pontus Aberg.
19:04 of 3rd period - Stopped by Anthony Stolarz with a rebound.
19:18 of 3rd period - Snap shot by Curtis Hamilton.
19:18 of 3rd period - Stopped by Igor Bobkov without a rebound.
19:19 of 3rd period - Nick Schmaltz wins face-off versus Mitchell Heard in Remparts zone.
19:27 of 3rd period - Off-side.
19:28 of 3rd period - Mitchell Heard wins face-off versus Nick Schmaltz in neutral zone.
19:51 of 3rd period - Slapshot by Mitchell Heard.
19:51 of 3rd period - Shot Misses the Net.
19:53 of 3rd period - Wrist shot by Mitchell Heard.
19:53 of 3rd period - Stopped by Anthony Stolarz without a rebound.
19:54 of 3rd period - Kyle Platzer wins face-off versus Iven Barbashev in Mustangs zone.
Goals for this period are 1 for Mustangs vs 1 for Remparts.
Shots for this period are 10 for Mustangs vs 12 for Remparts.
Back to the Top